Map: Emerald City LE

Players

qqq - Winner!

  • Race: Zerg Zerg
  • League: Platinum
  • Spawn Location: 11:00

Massa - Winner!

  • Race: Terran Terran
  • League: Platinum
  • Spawn Location: 11:00

SpkMechII

  • Race: Terran Terran
  • Spawn Location: 5:00

TanyaKourniq

  • Race: Protoss Protoss
  • Spawn Location: 5:00

VOD

Have the link to the VOD?

Description

Time

  • Played on: Nov. 29, 2020, 11:26 a.m.
  • Length: 15:50
Show
View Real Time Build Order
Export as new Build Order

qqq Zerg - Winner!

Build Orders: Hatch First 

Get SALT Encoding   

  12  0:00  Drone  
  13  0:09  Drone  
  14  0:23  Overlord  
  14  0:50  Hatchery  
  13  0:58  Drone  
  13  0:59  Drone  
  13  1:00  Drone  
  16  1:24  Drone  
  16  1:25  Drone  
  18  1:29  Extractor, Spawning Pool  
  16  1:39  Drone  
  17  1:50  Drone  
  18  2:00  Drone  
  19  2:04  Drone  
  20  2:10  Drone  
  21  2:29  Extractor  
  20  2:31  Queen  
  20  2:32  Drone x2  
  20  2:33  Queen  
  20  2:35  Zergling x4  
  28  2:38  Metabolic Boost  
  28  2:40  Overlord  
  28  2:53  Baneling Nest  
  28  2:55  Drone  
  28  2:58  Overlord  
  28  2:59  Overlord  
  28  3:03  Drone  
  28  3:05  Drone  
  30  3:12  Drone  
  31  3:13  Zergling x2  
  31  3:19  Zergling x2  
  33  3:23  Zergling x2  
  34  3:29  Zergling x2  
  35  3:40  Baneling x2  
  35  3:42  Drone x3  
  35  3:43  Drone  
  35  3:44  Zergling x6  
  42  3:51  Lair  
  42  3:53  Spore Crawler  
  41  3:56  Drone, Spore Crawler  
  41  3:59  Drone  
  41  4:00  Drone  
  44  4:10  Drone  
  44  4:17  Spore Crawler  
  43  4:24  Drone  
  43  4:25  Drone x2  
  43  4:29  Extractor x2  
  43  4:30  Extractor  
  43  4:37  Drone  
  43  4:38  Drone x2  
  46  4:39  Drone  
  46  4:40  Drone  
  46  4:44  Overlord  
  46  4:45  Hatchery  
  47  4:47  Drone  
  47  4:52  Drone x2  
  50  5:05  Drone, Spire  
  50  5:06  Zergling x2  
  51  5:09  Drone  
  52  5:15  Drone  
  53  5:28  Overlord x2  
  53  5:29  Drone  
  54  5:44  Drone  
  54  5:45  Drone  
  56  5:51  Drone x3  
  60  5:57  Drone  
  60  6:17  Drone  
  60  6:18  Mutalisk x2, Corruptor x2  
  63  6:19  Corruptor x3  
  63  6:22  Spore Crawler  
  74  6:44  Hatchery  
  73  6:58  Overlord  
  73  6:59  Overlord x6  
  73  7:01  Zerg Flyer Weapons Level 1  
  73  7:06  Infestation Pit  
  68  7:13  Mutalisk x2, Corruptor x2  
  71  7:20  Drone x6  
  77  7:25  Corruptor  
  77  7:26  Corruptor  
  81  7:32  Drone  
  82  7:41  Mutalisk  
  82  7:42  Zergling x8  
  82  7:43  Drone  
  89  7:51  Extractor x2  
  89  7:54  Mutalisk, Corruptor  
  91  8:02  Queen  
  91  8:03  Drone  
  91  8:04  Drone x2  
  96  8:29  Overseer  
  96  8:31  Pneumatized Carapace  
  96  8:33  Zergling x4  
  96  8:34  Zergling x2  
  99  8:35  Mutalisk, Corruptor  
  99  8:41  Hive  
  103  8:42  Drone x4  
  103  8:43  Drone x2  
  109  9:02  Zerg Flyer Armor Level 1, Evolution Chamber  
  109  9:04  Evolution Chamber  
  107  9:10  Mutalisk  
  107  9:11  Mutalisk  
  106  9:22  Mutalisk  
  106  9:23  Mutalisk  
  104  9:24  Drone x5  
  104  9:25  Drone  
  109  9:33  Zerg Melee Weapons Level 1  
  102  9:51  Drone x3  
  105  9:55  Spine Crawler  
  105  9:56  Spine Crawler  
  105  9:58  Drone x5  
  105  9:59  Drone  
  109  10:05  Viper x3  
  118  10:10  Drone  
  118  10:12  Overlord x3  
  119  10:15  Extractor x2  
  119  10:16  Spore Crawler  
  119  10:18  Spine Crawler  
  115  10:27  Drone  
  115  10:28  Drone x3  
  119  10:31  Overlord x4  
  119  10:34  Zerg Ground Armor Level 1  
  119  10:39  Ultralisk Cavern  
  118  10:49  Corruptor x2  
  122  10:50  Corruptor  
  122  10:51  Spore Crawler x2, Corruptor  
  124  10:58  Drone x3  
  124  10:59  Drone  
  124  11:04  Drone x5  
  131  11:11  Overseer x2  
  133  11:13  Corruptor  
  133  11:14  Corruptor  
  133  11:15  Mutalisk  
  133  11:18  Zergling x2  
  140  11:19  Drone x2  
  142  11:36  Drone  
  142  11:37  Drone  
  144  11:46  Spore Crawler  
  143  11:47  Mutalisk x2  
  143  11:48  Mutalisk x2  
  143  11:50  Spine Crawler  
  143  11:52  Spine Crawler  
  149  12:02  Ultralisk  
  149  12:03  Ultralisk  
  107  12:47  Mutalisk x3  
  107  12:48  Mutalisk x4  
  117  12:58  Corruptor x4  
  111  13:16  Drone x3  
  111  13:18  Corruptor x2, Viper x2  
  124  13:21  Mutalisk  
  126  13:45  Drone x2  
  128  13:54  Spore Crawler  
  127  13:56  Spore Crawler  
  127  14:01  Spine Crawler  
  125  14:04  Spine Crawler  
  125  14:05  Hatchery  
  123  14:11  Viper  
  123  14:12  Corruptor  
  123  14:13  Mutalisk x3  
  123  14:15  Drone  
  123  14:16  Drone x2  
  137  14:23  Corruptor  
  137  14:24  Corruptor  
  141  14:45  Drone x2  
  142  14:46  Corruptor x2  
  142  14:47  Corruptor x2  
  151  15:18  Corruptor  
  151  15:19  Corruptor x5  
  153  15:31  Spore Crawler  
  153  15:33  Spore Crawler  
Show
View Real Time Build Order
Export as new Build Order

Massa Terran - Winner!

Build Orders:  

Get SALT Encoding   

  12  0:00  SCV  
  13  0:12  SCV  
  14  0:22  Supply Depot  
  14  0:25  SCV  
  15  0:29  Refinery  
  15  0:43  SCV  
  15  0:45  Barracks  
  16  0:55  SCV  
  17  1:08  SCV  
  18  1:20  SCV  
  19  1:32  SCV  
  21  1:49  Orbital Command  
  21  1:50  Reaper  
  21  1:51  Command Center  
  21  2:02  Supply Depot  
  21  2:12  Factory  
  21  2:18  SCV  
  21  2:22  Marine  
  22  2:37  Barracks  
  22  2:40  Marine  
  22  2:41  SCV  
  24  2:53  SCV  
  24  2:58  Widow Mine  
  27  3:02  Barracks  
  27  3:07  Starport  
  27  3:12  Orbital Command  
  27  3:14  SCV  
  28  3:26  SCV  
  29  3:46  SCV x2  
  30  3:51  Widow Mine  
  32  3:56  Engineering Bay  
  32  3:59  SCV x2  
  32  4:01  Marine x2  
  36  4:11  SCV x2, Marine  
  38  4:18  Marine  
  38  4:19  Marine  
  38  4:22  Widow Mine  
  42  4:37  Barracks Tech Lab  
  42  4:40  Command Center  
  42  4:43  Widow Mine  
  42  4:44  Missile Turret  
  44  4:51  Marine  
  45  4:54  Barracks Reactor  
  45  4:55  SCV  
  46  5:01  Missile Turret  
  46  5:05  Terran Infantry Weapons Level 1  
  46  5:09  Armory  
  46  5:13  Refinery  
  46  5:17  Refinery  
  46  5:24  Factory Tech Lab  
  46  5:39  Barracks Reactor  
  46  5:47  Refinery  
  46  5:48  Missile Turret  
  46  5:51  SCV x2  
  46  5:55  Widow Mine  
  50  6:03  SCV  
  50  6:04  SCV  
  52  6:16  SCV x2  
  54  6:28  SCV x2  
  56  6:40  SCV x2  
  58  7:00  Orbital Command  
  57  7:01  SCV x2  
  57  7:08  Medivac  
  60  7:10  Marine  
  60  7:13  Stimpack  
  61  7:19  Supply Depot  
  61  7:21  Supply Depot  
  61  7:22  Supply Depot  
  61  7:24  Supply Depot  
  61  7:30  Barracks  
  61  7:32  Barracks x2  
  61  7:40  Marine x4  
  61  7:41  SCV x2, Marauder  
  61  7:42  Supply Depot  
  61  7:43  SCV, Siege Tank  
  73  7:46  Supply Depot  
  73  7:48  Supply Depot  
  73  7:49  Supply Depot  
  73  7:53  SCV x2  
  73  7:55  SCV  
  76  7:58  Marine x2  
  76  8:02  Marauder  
  80  8:07  Supply Depot  
  80  8:15  Siege Tank  
  83  8:24  Marauder  
  75  8:41  Command Center  
  75  8:45  Marauder  
  75  8:47  Siege Tank  
  80  8:49  Barracks Reactor, Barracks Tech Lab x2  
  80  8:55  SCV x3  
  82  8:59  Refinery  
  82  9:00  Terran Infantry Weapons Level 2  
  82  9:01  Refinery  
  82  9:04  Engineering Bay  
  82  9:07  SCV x3, Armory, Marauder, Terran Vehicle Weapons Level 1  
  87  9:19  SCV x3  
  87  9:21  Barracks  
  87  9:22  Marauder, Marine  
  87  9:23  Drilling Claws, Barracks, Marauder, Marine x2  
  97  9:28  Marauder  
  101  9:31  SCV x3  
  102  9:43  SCV  
  103  9:49  Marauder  
  105  10:01  Terran Infantry Armor Level 1  
  105  10:03  Terran Vehicle And Ship Armor Level 1, Command Center  
  105  10:05  Orbital Command  
  105  10:07  SCV x3  
  108  10:19  SCV x3  
  111  10:26  Sensor Tower  
  111  10:30  Combat Shield  
  111  10:31  SCV, Concussive Shells  
  112  10:39  Supply Depot  
  112  10:44  Missile Turret, Supply Depot  
  112  10:45  Supply Depot  
  112  10:47  Supply Depot  
  112  10:48  SCV  
  112  10:49  SCV x3  
  116  10:55  Command Center  
  116  10:56  Marauder x2  
  116  10:57  Marauder, Marine  
  122  10:58  Marine x5  
  122  11:00  Thor  
  122  11:01  SCV x4  
  122  11:03  Supply Depot  
  138  11:06  Missile Turret  
  138  11:07  Starport Reactor  
  138  11:09  Supply Depot  
  138  11:11  Supply Depot  
  138  11:13  SCV x2  
  138  11:14  Starport  
  138  11:15  Marine  
  138  11:16  Terran Vehicle Weapons Level 2, Marine x5  
  138  11:18  Marauder x3  
  152  11:26  Supply Depot  
  152  11:27  Refinery  
  152  11:29  Refinery  
  152  11:33  Marine x5  
  152  11:34  Marine  
  152  11:39  Marauder x3  
  164  11:40  SCV x2  
  164  11:43  Thor  
  171  11:51  Marine  
  172  11:59  Command Center  
  172  12:00  Marauder  
  172  12:01  Marauder x2  
  178  12:10  Marine  
  179  12:22  Marauder x3  
  142  12:32  Marine x6  
  127  12:39  Thor  
  127  12:43  Marauder x2  
  127  12:44  Marauder  
  137  12:50  Marine x5  
  126  13:02  Marine  
  126  13:05  Marauder x3  
  129  13:07  Marine  
  129  13:08  Marine x3  
  133  13:22  Thor  
  133  13:24  Command Center  
  133  13:26  Marauder x3  
  145  13:28  Missile Turret  
  145  13:35  Factory  
  145  13:36  Factory x2  
  145  13:38  Barracks Tech Lab x2  
  145  13:42  Marine  
  145  13:43  Marine x4  
  145  13:47  Marauder  
  145  13:48  Marauder x2, Missile Turret  
  156  13:57  Starport Reactor  
  156  13:59  Medivac x2  
  160  14:05  Thor  
  160  14:06  Planetary Fortress  
  160  14:08  Missile Turret  
  160  14:09  Marauder x3  
  172  14:13  Marauder  
  172  14:14  Marauder, Marine x2  
  178  14:20  Factory Tech Lab  
  178  14:21  Factory Tech Lab x2  
  178  14:26  Missile Turret  
  178  14:28  Missile Turret  
  178  14:29  Medivac  
  178  14:30  Marauder x3  
  186  14:35  Marauder x2  
  190  14:39  Thor  
  196  14:47  Missile Turret  
  196  14:52  Marauder x3  
  200  15:09  Missile Turret  
  197  15:29  Missile Turret  
  185  15:50  Missile Turret  
Show
View Real Time Build Order
Export as new Build Order

SpkMechII Terran 

Build Orders: 2 Factory, Mech 

Get SALT Encoding   

  12  0:02  SCV  
  14  0:14  SCV  
  14  0:26  SCV  
  15  0:33  Supply Depot  
  15  0:36  Refinery  
  15  0:54  SCV  
  16  0:59  Barracks  
  16  1:05  Refinery  
  16  1:06  SCV  
  17  1:19  SCV  
  18  1:31  SCV  
  19  1:43  SCV  
  19  1:44  Supply Depot  
  19  1:46  Marine  
  21  1:52  Factory  
  21  2:03  Marine  
  22  2:19  Factory  
  22  2:28  SCV, Marine  
  24  2:36  Factory Tech Lab  
  24  2:42  Orbital Command  
  24  2:46  Marine  
  25  2:56  Hellion, Infernal Pre-Igniter  
  27  3:14  Factory Reactor  
  27  3:15  Supply Depot  
  27  3:26  Reaper  
  28  3:41  Siege Tank  
  31  3:53  Command Center  
  31  3:59  Widow Mine  
  31  4:01  SCV  
  34  4:13  Siege Tank  
  37  4:46  Supply Depot  
  37  4:53  SCV  
  38  5:00  Engineering Bay  
  38  5:05  SCV, Siege Tank  
  42  5:07  Orbital Command  
  42  5:09  Supply Depot  
  42  5:12  Hellion  
  44  5:17  SCV  
  45  5:24  Factory  
  45  5:26  Hellion  
  47  5:29  SCV  
  48  5:41  SCV  
  48  5:42  Hellion  
  51  5:44  SCV  
  52  5:53  SCV  
  52  5:56  SCV  
  54  5:57  Sensor Tower  
  54  5:59  Hellion  
  56  6:05  SCV  
  56  6:08  SCV  
  58  6:34  SCV  
  58  6:36  Refinery  
  58  7:02  Command Center  
  56  7:15  Widow Mine, Hellion x2  
  57  7:20  SCV, Missile Turret  
  57  7:21  SCV  
  59  7:31  Factory  
  59  7:32  Refinery  
  59  7:33  SCV x2  
  59  7:36  Widow Mine x2  
  59  7:37  Hellion  
  67  7:39  Widow Mine  
  69  7:45  SCV  
  69  7:46  Factory  
  69  7:51  Armory  
  70  7:52  Armory  
  70  7:58  Widow Mine, Hellion x2  
  76  8:00  Widow Mine  
  76  8:40  Thor  
  76  8:41  Widow Mine, Hellion x2  
  88  8:52  SCV  
  88  8:53  SCV  
  88  8:54  Planetary Fortress  
  88  8:58  Missile Turret  
  88  9:02  Hellion x2  
  92  9:12  Factory Tech Lab  
  92  9:16  Terran Vehicle Weapons Level 1  
  92  9:17  Terran Vehicle And Ship Armor Level 1  
  92  9:19  Missile Turret  
  92  9:36  Hellion  
  92  9:40  Hellion  
  92  9:44  Widow Mine  
  89  9:45  SCV  
  89  9:49  Missile Turret  
  89  9:54  Missile Turret  
  89  10:00  SCV x2  
  89  10:06  Refinery  
  91  10:11  Missile Turret  
  91  10:12  SCV x2  
  91  10:13  Hi-Sec Auto Tracking  
  93  10:15  Missile Turret  
  93  10:17  Missile Turret  
  93  10:24  Factory Tech Lab  
  93  10:25  Factory  
  93  10:26  Factory Tech Lab  
  93  10:34  Supply Depot x2  
  93  10:35  Supply Depot  
  93  10:54  Drilling Claws  
  93  10:55  Thor  
  93  10:56  SCV x2, Hellbat  
  106  11:04  Siege Tank x3  
  106  11:08  SCV x2  
  114  11:12  SCV  
  114  11:17  Refinery  
  115  11:20  SCV x2  
  115  11:24  SCV  
  118  11:32  SCV x2  
  120  11:36  Siege Tank  
  123  11:44  SCV x2  
  125  11:47  Thor  
  129  11:54  Supply Depot  
  129  11:55  Supply Depot  
  129  11:56  SCV, Supply Depot x2  
  130  12:15  Thor  
  130  12:16  Thor  
  111  12:51  Thor x2  
  120  12:52  Widow Mine x2, Hellion  
  120  12:58  SCV x2, Thor  
  118  12:59  Hellion  
  121  13:08  SCV  
  121  13:10  SCV  
  123  13:13  Hellion x3  
  129  13:21  Hellion  
  133  13:34  Hellion  
  133  13:44  Command Center  
  132  13:57  Factory Tech Lab  
  132  14:10  Widow Mine, Thor x4  
  158  14:24  Thor  
  164  14:40  Widow Mine x2  
  164  14:44  Supply Depot  
  168  14:47  Supply Depot x3  
  168  14:53  Hellbat x2  
  168  14:57  Command Center  
  172  15:06  Widow Mine x2, Hellbat x2  
  180  15:08  Widow Mine  
  169  15:19  Widow Mine  
  169  15:20  Widow Mine  
  171  15:27  Hellbat x2  
  181  15:29  Widow Mine  
Show
View Real Time Build Order
Export as new Build Order

TanyaKourniq Protoss 

Build Orders: Phoenix Opening, Carriers 

Get SALT Encoding   

  12  0:02  Probe (Chrono Boost)  
  13  0:12  Probe (Chrono Boost)  
  14  0:20  Pylon  
  14  0:23  Probe  
  15  0:38  Probe  
  16  0:45  Gateway  
  16  0:58  Assimilator  
  16  0:59  Probe (Chrono Boost)  
  17  1:06  Pylon  
  18  1:11  Probe (Chrono Boost)  
  18  1:17  Probe (Chrono Boost)  
  19  1:25  Probe  
  20  1:34  Cybernetics Core  
  20  1:49  Probe  
  20  1:50  Assimilator  
  21  2:02  Probe  
  21  2:03  Zealot  
  24  2:29  Nexus  
  24  2:33  Stargate  
  24  2:42  Probe  
  25  2:50  Zealot  
  27  2:54  Probe  
  28  3:02  Assimilator  
  28  3:11  Stargate  
  28  3:17  Phoenix  
  30  3:20  Probe  
  31  3:40  Probe, Pylon, Void Ray  
  36  4:01  Assimilator  
  36  4:02  Probe (Chrono Boost), Void Ray  
  38  4:04  Probe (Chrono Boost)  
  42  4:14  Probe (Chrono Boost)  
  44  4:19  Probe (Chrono Boost)  
  44  4:24  Probe (Chrono Boost)  
  44  4:25  Zealot  
  44  4:26  Probe  
  48  4:38  Forge  
  48  4:40  Pylon  
  48  4:42  Probe (Chrono Boost)  
  48  4:44  Void Ray  
  54  4:54  Probe (Chrono Boost)  
  54  4:58  Zealot  
  54  4:59  Probe x2 (Chrono Boost)  
  57  5:04  Protoss Air Weapons Level 1 (Chrono Boost)  
  58  5:08  Pylon  
  58  5:12  Probe  
  59  5:17  Photon Cannon  
  59  5:20  Void Ray  
  59  5:27  Pylon  
  63  5:31  Phoenix  
  65  5:50  Void Ray  
  65  5:54  Probe (Chrono Boost)  
  71  5:57  Void Ray  
  71  5:58  Probe (Chrono Boost)  
  76  6:05  Probe (Chrono Boost)  
  76  6:07  Stargate  
  76  6:09  Probe (Chrono Boost)  
  77  6:32  Nexus  
  77  6:35  Pylon  
  77  6:47  Void Ray x2  
  77  6:49  Pylon  
  77  6:51  Pylon  
  77  6:53  Pylon  
  85  7:24  Void Ray  
  85  7:26  Probe  
  85  7:27  Probe, Void Ray x2  
  99  7:39  Probe x2  
  99  7:40  Fleet Beacon  
  101  7:47  Protoss Air Armor Level 1 (Chrono Boost)  
  101  7:54  Probe x3  
  101  7:58  Assimilator  
  104  8:02  Assimilator  
  104  8:03  Stargate  
  104  8:06  Probe, Pylon  
  104  8:07  Pylon  
  104  8:08  Probe x2  
  104  8:09  Pylon  
  107  8:42  Probe x3  
  107  8:45  Carrier (Chrono Boost)  
  122  8:52  Photon Cannon, Carrier (Chrono Boost)  
  122  8:54  Probe x2  
  124  8:58  Probe  
  124  8:59  Photon Cannon  
  125  9:05  Robotics Facility  
  125  9:06  Probe x2  
  139  9:20  Carrier (Chrono Boost)  
  139  9:21  Carrier (Chrono Boost)  
  139  9:29  Protoss Air Weapons Level 2 (Chrono Boost)  
  139  9:44  Carrier (Chrono Boost)  
  139  9:53  Nexus  
  139  9:54  Pylon  
  139  9:58  Pylon  
  145  10:02  Pylon  
  145  10:03  Assimilator  
  145  10:06  Assimilator  
  145  10:10  Phoenix x2  
  145  10:14  Observer  
  146  10:16  Phoenix  
  146  10:20  Photon Cannon  
  152  10:23  Photon Cannon  
  152  10:27  Shield Battery  
  152  10:33  Photon Cannon  
  152  10:34  Protoss Shields Level 1 (Chrono Boost)  
  152  10:35  Observer  
  157  10:43  Void Ray x2 (Chrono Boost)  
  157  10:56  Observer  
  162  10:57  Carrier (Chrono Boost)  
  168  11:10  Pylon  
  168  11:11  Anion Pulse-Crystals (Chrono Boost)  
  168  11:23  Carrier  
  168  11:24  Phoenix  
  176  11:33  Pylon  
  176  11:49  Carrier  
  182  11:57  Protoss Air Weapons Level 3 (Chrono Boost)  
  182  12:05  Nexus  
  182  12:07  Assimilator  
  182  12:12  Assimilator  
  129  12:37  Void Ray x2 (Chrono Boost)  
  129  12:38  Void Ray (Chrono Boost)  
  125  12:47  Void Ray (Chrono Boost)  
  101  13:14  Void Ray x2 (Chrono Boost)  
  113  13:21  Void Ray (Chrono Boost)  
  113  13:26  Void Ray (Chrono Boost)  
  117  13:44  Void Ray (Chrono Boost)  
  117  13:45  Void Ray (Chrono Boost)  
  125  13:48  Probe  
  125  13:49  Probe x2  
  125  13:50  Tempest (Chrono Boost)  
  125  13:52  Void Ray (Chrono Boost)  
  133  14:02  Shield Battery  
  137  14:07  Photon Cannon  
  137  14:08  Void Ray x2  
  137  14:09  Shield Battery  
  137  14:19  Void Ray  
  145  14:28  Void Ray  
  153  14:41  Probe (Chrono Boost)  
  153  14:44  Probe x2 (Chrono Boost)  
  153  14:45  Void Ray x2  
  156  14:52  Observer  
Tags
 
Add a new tag
Caveats
  • Supply blocks, unpowered buildings, or Contaminate may cause inaccurate times.
  • Supply counts are checked every 10 seconds.